 Dungeon Crawl Stone Soup version 0.24-a0-139-geb6712d (webtiles) character file.

Game seed: 12567258279655416903

384 tsouns the Covert (level 6, 0/32 HPs)
             Began as a Spriggan Assassin on Mar 1, 2019.
             Slain by Grinder (3 damage)
             ... while paralysed by Grinder
             ... on level 3 of the Dungeon.
             The game lasted 00:07:41 (2596 turns).

tsouns the Covert (Spriggan Assassin)               Turns: 2596, Time: 00:07:42

Health: 0/32       AC:  4    Str:  7    XL:     6   Next: 47%
Magic:  7/7        EV:  4    Int: 15    God:
Gold:   143        SH:  0    Dex: 17    Spells: 5/5 levels left

rFire    . . .     SeeInvis +   a - +2 dagger
rCold    . . .     Gourm    .   (shield restricted)
rNeg     . . .     Faith    .   c - +0 robe
rPois    .         Spirit   .   (helmet restricted)
rElec    .         Reflect  .   d - +1 cloak
rCorr    .         Harm     .   (gloves unavailable)
MR       +....                  (boots unavailable)
Stlth    ++++......             (no amulet)
HPRegen  0.10/turn              (no ring)
MPRegen  0.10/turn              (no ring)

@: paralysed, berserk cooldown, very quick
A: very small, unfitting armour, see invisible, herbivore, speed 3, slow
metabolism 2
a: no special abilities


You were on level 3 of the Dungeon.
You were not hungry.

You visited 1 branch of the dungeon, and saw 4 of its levels.

You collected 143 gold pieces.

Inventory:

Hand Weapons
 a - a +2 dagger (weapon)
 b - a +0 blowgun
 k - a +1 vampiric dagger
Missiles
 e - 16 poisoned needles
 f - 2 curare-tipped needles
 l - 76 stones (quivered)
Armour
 c - a +0 robe (worn)
 d - a +1 cloak (worn)
Potions
 h - a potion of curing
 i - a potion of mutation {unknown}
 p - a potion of magic
 u - 2 potions of might {unknown}
Comestibles
 g - 8 rations


   Skills:
 + Level 3.5 Fighting
 + Level 4.7 Short Blades
 - Level 2.0 Throwing
 - Level 1.5 Dodging
 + Level 8.4 Stealth


You had 5 spell levels left.
You didn't know any spells.
Your spell library was empty.

Dungeon Overview and Level Annotations

Branches:
Dungeon (4/15)
 Temple: D:4-7

Altars:

Annotations:
D:3 Grinder


Innate Abilities, Weirdness & Mutations

You are very small and have problems with some larger weapons.
You are too small for most types of armour.
You have supernaturally acute eyesight. (SInv)
You are a herbivore.
You cover ground extremely quickly.
You need to consume almost no food.


Message History

Grinder hits you.
You hit Grinder.
Grinder is moderately wounded.
Grinder gestures at you. Pain shoots through your body!
You hit Grinder.
Grinder is moderately wounded.
You hit Grinder.
Grinder is heavily wounded.
Grinder gestures at you.
You suddenly lose the ability to move!
Grinder hits you!
You writhe in agony.
Grinder hits you!
* * * LOW HITPOINT WARNING * * *
You writhe in agony.
* * * LOW HITPOINT WARNING * * *
Grinder gestures at you.
You easily resist.
Grinder hits you.
You die...

#....# #.# ####.#
#....###.### #.#
#..........# #.#
#.######.#.######.#
#.>................
#..................
#.(#####.#.######.#
#.................#
##@#####.######.###
#5#####.# #.#
#(......# #.###
#########.### #....
#...........# #.###
#.........### #.###
#.........# #...)
#.........# #.###
#.........#
####.###


You could see Grinder.

Vanquished Creatures
  The ghost of Wired the Slasher, an amateur DsMo (D:3)
  An ogre (D:3)
  A howler monkey (D:3)
  4 gnolls
  3 adders (D:3)
  A dart slug (D:3)
  3 leopard geckos
  3 orcs (D:3)
  2 ball pythons (D:3)
  3 giant cockroaches
  4 hobgoblins
  2 jackals (D:2)
  14 kobolds
  7 bats
  5 frilled lizards
  10 goblins
  2 rats (D:3)
66 creatures vanquished.

Notes
Turn   | Place    | Note
-------+----------+-------------------------------------------
     0 | D:1      | tsouns the Spriggan Assassin began the quest for the Orb.
     0 | D:1      | Reached XP level 1. HP: 10/10 MP: 2/2
   292 | D:1      | Reached skill level 6 in Stealth
   455 | D:1      | Reached XP level 2. HP: 14/15 MP: 3/3
   641 | D:1      | Reached XP level 3. HP: 18/18 MP: 4/4
  1469 | D:3      | Reached XP level 4. HP: 23/23 MP: 5/5
  1482 | D:3      | Reached skill level 7 in Stealth
  1617 | D:3      | Reached XP level 5. HP: 14/27 MP: 6/6
  2044 | D:3      | Found a runed translucent gate.
  2044 | D:3      | Noticed Wired's ghost (amateur DsMo)
  2045 | D:3      | Found a runed translucent gate.
  2045 | D:3      | Noticed an ogre
  2046 | D:3      | Found a runed translucent gate.
  2054 | D:3      | Killed an ogre
  2129 | D:3      | Killed Wired's ghost
  2129 | D:3      | Reached skill level 8 in Stealth
  2129 | D:3      | Reached XP level 6. HP: 32/32 MP: 7/7
  2538 | D:4      | Noticed Grinder
  2592 | D:3      | Paralysed by Grinder for 7 turns
  2596 | D:3      | Slain by Grinder

Levels and vault maps discovered:
D:1:      matt_arrival_grand_opening, layout_basic, minmay_split_cup_small
D:2:      layout_rooms, nicolae_overflow_hidden_temple
D:3:      layout_basic, ebering_ghost_rock_garden
D:4:      layout_rooms, lemuel_round_altar, minitemple,
          chequers_serial_rivers_room_a, uniq_grinder, uniq_sigmund

Skill      XL: |  1  2  3  4  5 |
---------------+----------------+-----
Stealth        | 6 7 8 |  8.4
Fighting       | 2 3 |  3.5
Short Blades   | 3 4 |  4.7
Throwing       | |  2.0
Dodging        | |  1.5

Action                   |  1- 3 |  4- 6 || total
-------------------------+-------+-------++-------
Melee: Dagger            |   164 |   169 ||   333
 Fire: Blowgun           |       |    16 ||    16
Throw: Stone             |     2 |     5 ||     7
  Use: Scroll            |    10 |       ||    10
       Potion            |       |     8 ||     8
 Stab: Sleeping          |    10 |     3 ||    13
       Distracted        |       |     1 ||     1
Armor: Robe              |    16 |     8 ||    24
       Skin              |       |    38 ||    38
Dodge: Dodged            |   103 |    91 ||   194

Table legend:
 A = Non-vault XP
 B = Vault XP
 C = Vault XP percentage of total XP
 D = Non-vault monster count
 E = Vault monster count
 F = Vault count percentage of total count
                 A         B        C        D         E       F
            +---------+---------+-------+---------+---------+-------
      Total |     353 |     196 |  35.7 |      62 |       4 |   6.1
            +---------+---------+-------+---------+---------+-------
        D:1 |      39 |       6 |  13.3 |      18 |       3 |  14.3
        D:2 |      19 |       0 |   0.0 |      11 |       0 |   0.0
        D:3 |     295 |     190 |  39.2 |      33 |       1 |   2.9
            +---------+---------+-------+---------+---------+-------
